 Dungeon Crawl Stone Soup version 0.31.0-32-g396128a36d (webtiles) character file.

Game seed: 2139171027204804081

12001 Minsecho the Carver (level 11, -3/69 HPs)
             Began as a Tengu Warper on Mar 14, 2024.
             Was a High Priest of Nemelex Xobeh.
             Slain by a wyvern (13 damage)
             ... on level 11 of the Dungeon.
             The game lasted 00:29:08 (10547 turns).

Minsecho the Carver (Tengu Warper)                 Turns: 10547, Time: 00:29:09

Health: -3/69      AC: 15    Str: 11    XL:     11   Next: 86%
Magic:  15/17      EV: 19    Int: 18    God:    Nemelex Xobeh [*****.]
Gold:   534        SH:  0    Dex: 21    Spells: 8/15 levels left

rFire   . . .        K - +1 great sword
rCold   . . .        (shield currently unavailable)
rNeg    . . .        J - +0 acid dragon scales
rPois   .            (helmet restricted)
rElec   .            j - +5 cloak "Catevosm" {Int+5 Dex-2}
rCorr   +            R - +0 pair of gloves
SInv    .            (boots unavailable)
Will    +....        g - amulet of faith
Stlth   +++          B - ring of willpower
HPRegen 0.31/turn    (no ring)
MPRegen 0.15/turn

%: acrobat, faith
@: flying, very slightly contaminated
A: beak, talons 3, evasive flight, acrobatic, thin skeletal structure 1, agile 1
a: Renounce Religion, Draw Escape, Draw Destruction, Draw Summoning, Triple
Draw, Deal Four, Stack Five


You were on level 11 of the Dungeon.
You worshipped Nemelex Xobeh.
Nemelex Xobeh was extremely pleased with you.
You visited 1 branch of the dungeon, and saw 11 of its levels.

You collected 534 gold pieces.

Inventory:

Hand Weapons
 E - a +0 long sword
 K - a +1 great sword (weapon)
Missiles
 d - 5 darts of dispersal
 p - 2 atropa-tipped darts
 y - 18 poisoned darts (quivered)
 N - a curare-tipped dart
Armour
 f - a +1 chain mail of poison resistance
 j - the +5 cloak "Catevosm" (worn) {Int+5 Dex-2}
   (You found it on level 2 of the Dungeon)

   Int+5:     It affects your intelligence (+5).
   Dex-2:     It affects your dexterity (-2).
 A - a +3 ring mail of cold resistance
 J - +0 acid dragon scales (worn)
 R - a +0 pair of gloves (worn)
Magical Staves
 h - the staff "Hoz Oss" {rC++ Dex-2 Earth}
   (You found it on level 7 of the Dungeon)

   [staff of earth]

   Base accuracy: +5 Base damage: 5 Base attack delay: 1.2 This weapon's minimum
   attack delay (0.6) is reached at skill level 12.
   Dex-2:     It affects your dexterity (-2).
   rC++:      It greatly protects you from cold.
   Earth:     It increases the power of your Earth spells.
   It falls into the 'Staves' category.
   It is a one-handed weapon.
Jewellery
 g - an amulet of faith (around neck)
 q - a ring of ice
 x - a +6 ring of intelligence
 B - a ring of willpower (left hand)
 F - a ring of magical power
Wands
 z - a wand of flame (15)
 H - a wand of light (16)
 P - a wand of charming (14)
 Q - a wand of mindburst (6)
Scrolls
 a - a scroll of noise
 b - 4 scrolls of poison {unknown}
 c - a scroll of blinking
 e - 4 scrolls of teleportation
 k - 2 scrolls of amnesia
 m - a scroll of enchant weapon {unknown}
 o - a scroll of brand weapon {unknown}
 r - a scroll of torment {unknown}
 t - a scroll of vulnerability
 C - a scroll of silence
 I - a scroll of revelation {unknown}
 L - a scroll of fear {unknown}
 M - 2 scrolls of immolation
Potions
 i - 2 potions of brilliance
 l - 3 potions of mutation
 n - 2 potions of invisibility
 s - 2 potions of haste
 u - 14 potions of ambrosia
 v - 3 potions of curing
 w - a potion of magic
 G - a potion of heal wounds
 O - a potion of attraction


   Skills:
 * Level 8.5 Fighting
 + Level 11.0 Long Blades
 + Level 4.7 Throwing
 + Level 7.6 Armour
 + Level 5.8 Dodging
 + Level 2.8 Stealth
 * Level 2.9 Spellcasting
 * Level 2.5 Conjurations
 * Level 3.4 Translocations
 * Level 6.7 Invocations
 + Level 1.4 Evocations


You had 8 spell levels left.
You knew the following spells:

 Your Spells              Type           Power      Damage    Failure   Level
a - Blink                 Tloc           30%        N/A       9%          2
b - Teleport Other        Tloc           15%        N/A       17%         3
c - Momentum Strike       Conj/Tloc      26%        3d8       11%         2

Your spell library contained the following spells:

 Spells                   Type           Power      Damage    Failure   Level
 Lesser Beckoning         Tloc           30%        N/A       9%          2
 Call Imp                 Summ           4%         N/A       36%         2
 Jinxbite                 Hex            4%         N/A       36%         2
 Sublimation of Blood     Necr           2%         N/A       36%         2
 Manifold Assault         Tloc           15%        N/A       50%         4
 Vhi's Electric Charge    Tloc/Air       16%        N/A       75%         4
 Ignite Poison            Fire/Alch      2%         N/A       94%         4
 Olgreb's Toxic Radiance  Alch           2%         N/A       94%         4
 Sticky Flame             Fire/Alch      2%         2d4       94%         4
 Yara's Violent Unravell  Hex/Alch       1%         3d3       100%        5
 Enfeeble                 Hex            1%         N/A       100%        7
 Ozocubu's Refrigeration  Ice            1%         4d7       100%        7
 Summon Hydra             Summ           1%         N/A       100%        7
 Discord                  Hex            1%         N/A       100%        8
 Ignition                 Fire           1%         3d3       100%        8


Dungeon Overview and Level Annotations

Branches:
Dungeon (11/15)            Temple (0/1) D:6            Lair (0/5) D:11
    Orc (0/2) D:9

Altars:
Ashenzari
Cheibriados
Gozag
Nemelex Xobeh
Okawaru
Ru
Trog
Xom
Yredelemnul
The Shining One

Shops:
D:2 (   D:5 [

Annotations:
D:3 1 runed translucent door, brilapsti's ghost, amateur HuHs
D:4 3 runed translucent doors, seawaffle's ghost, amateur AtFi


Innate Abilities, Weirdness & Mutations

You have a beak for a mouth.
You have claws for feet.
Your magical flight helps you evade attacks. (EV +4)
You can magically evade attacks while moving or waiting.
You have a somewhat thin skeletal structure. (Dex +2, Stealth+)
You are agile. (Dex +4, Str/Int -1)


Message History

Okay, then.
You barely miss the wyvern. You peck the wyvern, but do no damage.
The wyvern is heavily wounded.
The wyvern bites you but does no damage.
The wyvern completely misses you.
You barely miss the wyvern.
The wyvern is heavily wounded.
The wyvern completely misses you.
You completely miss the wyvern. Your kick misses the wyvern.
You peck the wyvern.
The wyvern is heavily wounded.
The wyvern bites you but does no damage.
The wyvern closely misses you.
You hit the wyvern but do no damage. Your kick misses the wyvern.
You peck the wyvern.
The wyvern is severely wounded.
The wyvern bites you but does no damage.
The wyvern bites you.
You barely miss the wyvern. Your peck misses the wyvern.
The wyvern is severely wounded.
The wyvern bites you!
* * * LOW HITPOINT WARNING * * *
You hit the wyvern but do no damage. Your kick misses the wyvern.
You peck the wyvern.
The wyvern is severely wounded.
The wyvern bites you!
* * * LOW HITPOINT WARNING * * *
The wyvern misses you.
A hound comes into view.
Okay, then.
Unknown command.
Casting: Blink (safe; 9% risk of failure)
Confirm with . or Enter, or press ? or * to list all spells.
You miscast Blink.
You are very lightly contaminated with residual magic.
Nothing appears to happen.
The hound barks!
The wyvern misses you. The wyvern bites you!
You die...
Your body glows with a rainbow of weird colours and disappears.

#### #... ..
....# ......##
.....# # #..
.... ..h.#.
#.....#
#..###### #.#..#
#.......# #....#
#.@####.###.##.#
#....k.#
#..<..##.#
######.#
#####.##.####
#.# #........
#.# #..#.###.
#.# #........
#.# #........
#.# #......≈~
#....≈≈≈~


You could see a wyvern and a hound.

Vanquished Creatures
  2 two-headed ogres
  A boulder beetle (D:9)
  Pikel (D:7)
  2 gargoyles
  An unseen horror (D:10)
  A kobold demonologist (D:10)
  Psyche (D:7)
  A queen bee (D:10)
  2 trolls
  A shadow (D:9)
  2 wyverns
  A wraith (D:11)
  9 yaks
  Menkaure (D:7)
  An acid dragon (D:7)
  A water moccasin (D:6)
  An ice beast (D:6)
  4 orc warriors
  2 sky beasts (D:7)
  2 black bears
  5 wolves (D:11)
  An ogre (D:5)
  3 centaurs
  3 phantoms
  6 kobold brigands
  3 bullfrogs
  Blork the orc (D:6)
  A gnoll sergeant (D:9)
  3 scorpions
  5 wights (D:8)
  32 killer bees (D:10)
  4 electric eels (D:11)
  A bombardier beetle (D:3)
  6 orc priests
  6 hounds
  6 jellies
  A sleepcap (D:6)
  6 iguanas
  3 orc wizards
  Robin (D:3)
  7 gnolls
  A river rat (D:2)
  5 adders
  A shadow imp (D:5)
  A white imp (D:8)
  3 dart slugs
  3 ribbon worms (D:2)
  24 orcs
  6 bats
  7 endoplasms
  2 giant cockroaches
  14 goblins
  12 hobgoblins
  A jackal (D:7)
  3 quokkas
  9 ball pythons
  3 frilled lizards
  33 kobolds
  4 rats
  A butterfly (D:4)
274 creatures vanquished.

Vanquished Creatures (collateral kills)
  Terence (D:2)
  A bat (D:2)
  A kobold (D:2)
3 creatures vanquished.

Vanquished Creatures (others)
  A bat (D:9)
1 creature vanquished.

Grand Total: 278 creatures vanquished

Notes
Turn   | Place    | Note
-------+----------+-------------------------------------------
     0 | D:1      | Minsecho the Tengu Warper began the quest for the Orb.
     0 | D:1      | Reached XP level 1. HP: 12/12 MP: 4/4
   296 | D:1      | Found a faded altar of an unknown god.
   300 | D:1      | Prayed at the altar of an unknown god.
   300 | D:1      | Became a worshipper of Nemelex Xobeh the Trickster
   300 | D:1      | Reached * piety under Nemelex Xobeh
   300 | D:1      | Received a gift from Nemelex Xobeh
   377 | D:1      | Reached XP level 2. HP: 17/17 MP: 6/6
   560 | D:1      | You fall into a shaft and drop 1 floor!
   597 | D:2      | Received a gift from Nemelex Xobeh
   612 | D:2      | Identified the +5 cloak "Catevosm" {Int+5 Dex-2}
   621 | D:2      | Learned a level 2 spell: Blink
   628 | D:2      | Noticed Terence
  1135 | D:2      | Reached ** piety under Nemelex Xobeh
  1156 | D:2      | Reached skill level 1 in Invocations
  1156 | D:2      | Reached XP level 3. HP: 21/21 MP: 7/7
  1168 | D:2      | Reached XP level 4. HP: 22/27 MP: 8/8
  1422 | D:2      | Received a gift from Nemelex Xobeh
  1573 | D:2      | Killed Terence
  1574 | D:2      | Reached skill level 3 in Long Blades
  1574 | D:2      | Reached XP level 5. HP: 32/32 MP: 9/9
  1671 | D:2      | Found Yghekk's Weapon Boutique.
  1977 | D:3      | Found a runed translucent door.
  1979 | D:3      | Noticed brilapsti's ghost (amateur HuHs)
  2067 | D:3      | Reached skill level 1 in Stealth
  2159 | D:3      | Found a sacrificial altar of Ru.
  2192 | D:3      | Found a bloodstained altar of Trog.
  2224 | D:3      | Reached *** piety under Nemelex Xobeh
  2234 | D:3      | Found a basalt altar of Yredelemnul.
  2283 | D:3      | Noticed Robin
  2315 | D:3      | Killed Robin
  2702 | D:4      | Reached XP level 6. HP: 37/37 MP: 10/10
  2754 | D:4      | Found a shimmering altar of Xom.
  2795 | D:4      | Reached skill level 4 in Long Blades
  2886 | D:4      | Identified the +8 quarterstaff of Adverse Possession
                  | {freeze, *Slow rPois Stlth+}
  2992 | D:4      | Found a runed translucent gate.
  2992 | D:4      | Found a runed translucent gate.
  2992 | D:4      | Found a runed translucent gate.
  2993 | D:4      | Noticed seawaffle's ghost (amateur AtFi)
  3022 | D:4      | Received a gift from Nemelex Xobeh
  3065 | D:4      | Learned a level 3 spell: Teleport Other
  3295 | D:5      | Entered Level 5 of the Dungeon
  3465 | D:5      | Gained mutation: Your magical flight helps you evade
                  | attacks. (EV +4) [Tengu growth]
  3465 | D:5      | Reached XP level 7. HP: 42/42 MP: 11/11
  3552 | D:5      | Found a broken altar of Ashenzari.
  3671 | D:5      | Reached **** piety under Nemelex Xobeh
  3684 | D:5      | Reached skill level 5 in Long Blades
  3868 | D:5      | Found Eraenel's Antique Armour Boutique.
  3985 | D:5      | Reached XP level 8. HP: 28/48 MP: 12/12
  4138 | D:5      | Received a gift from Nemelex Xobeh
  4332 | D:6      | Found an iron altar of Okawaru.
  4532 | D:6      | Reached skill level 5 in Fighting
  4532 | D:6      | Reached skill level 6 in Long Blades
  4731 | D:6      | Received a gift from Nemelex Xobeh
  4921 | D:6      | Reached XP level 9. HP: 38/55 MP: 13/13
  5067 | D:6      | Reached skill level 7 in Long Blades
  5210 | D:6      | Noticed Blork the orc
  5238 | D:6      | Killed Blork the orc
  5239 | D:6      | Reached skill level 5 in Armour
  5810 | D:6      | Found a staircase to the Ecumenical Temple.
  6085 | D:7      | Reached ***** piety under Nemelex Xobeh
  6227 | D:7      | Received a gift from Nemelex Xobeh
  6370 | D:7      | Identified the staff "Hoz Oss" {rC++ Dex-2 Earth}
  6521 | D:7      | Noticed Menkaure
  6527 | D:7      | Killed Menkaure
  6707 | D:7      | Noticed Pikel
  6731 | D:7      | Killed Pikel
  6994 | D:8      | Noticed Psyche
  7005 | D:7      | Reached skill level 8 in Long Blades
  7059 | D:7      | Gained mutation: You are agile. (Dex +4, Str/Int -1)
                  | [potion of mutation]
  7059 | D:7      | Gained mutation: You have a somewhat thin skeletal
                  | structure. (Dex +2, Stealth+) [potion of mutation]
  7061 | D:7      | Killed Psyche
  7062 | D:7      | Reached XP level 10. HP: 17/61 MP: 11/14
  7255 | D:8      | Noticed a two-headed ogre
  7272 | D:8      | Killed a two-headed ogre
  7273 | D:8      | Reached skill level 5 in Invocations
  7273 | D:8      | Reached skill level 1 in Evocations
  7799 | D:8      | Noticed a gargoyle
  7807 | D:8      | Killed a gargoyle
  7888 | D:8      | Received a gift from Nemelex Xobeh
  8014 | D:8      | Found an opulent altar of Gozag.
  8103 | D:7      | Reached skill level 9 in Long Blades
  8354 | D:9      | Found a snail-covered altar of Cheibriados.
  8355 | D:9      | Found a glowing golden altar of the Shining One.
  8392 | D:9      | Noticed a boulder beetle
  8429 | D:9      | Reached skill level 5 in Dodging
  8448 | D:9      | Killed a boulder beetle
  8684 | D:9      | Reached XP level 11. HP: 50/68 MP: 16/16
  8797 | D:9      | Reached skill level 10 in Long Blades
  9029 | D:9      | Found a staircase to the Orcish Mines.
  9132 | D:10     | Entered Level 10 of the Dungeon
  9529 | D:10     | Learned a level 2 spell: Momentum Strike
  9758 | D:10     | Reached skill level 1 in Conjurations
 10214 | D:11     | Found a staircase to the Lair.
 10325 | D:11     | Noticed a two-headed ogre
 10394 | D:11     | Killed a two-headed ogre
 10395 | D:11     | Reached skill level 11 in Long Blades
 10547 | D:11     | Slain by a wyvern

Illustrated notes

Levels and vault maps discovered:
D:1:      enne_arrival_octagon_isle, layout_loops_corners,
          hellmonk_ecumenical_altar_heavens_door
D:2:      layout_basic, serial_shops, nicolae_shop_tiny_statue_garden,
          hangedman_decor_growths, minmay_misc_feat_doors, uniq_terence
D:3:      layout_basic, mainiacjoe_overflow_two_lobes,
          nicolae_ru_sacrificial_ziggurat, ebering_ghost_sewer_d, uniq_robin
D:4:      cheibrodos_barr_body, layout_rooms, xom_butterflies,
          gammafunk_ghost_split
D:5:      layout_basic, nicolae_overflow_crystal_walls, serial_shops, shop,
          minmay_misc_feat_tower
D:6:      layout_layer_cave, okawaru_ov_weapons_minmay,
          minmay_temple_entry_fiery, uniq_blork_the_orc
D:7:      layout_basic, uniq_pikel, uniq_menkaure
D:8:      layout_cave_pools, mainiacjoe_overflow_alcove_2, uniq_psyche
D:9:      layout_cross, nicolae_overflow_two_pavilions, david_orc_2
D:10:     layout_roguey [special_room_bee]
D:11:     layout_loops_ring, erik_lair_island, elyvilon_altar_5, uniq_sonja

Skill      XL: |  1  2  3  4  5  6  7  8  9 10 11 |
---------------+----------------------------------+-----
Invocations    | 1 2 3 4 5 6 |  6.7
Long Blades    | 3 4 5 6 8 9 11 | 11.0
Dodging        | 3 4 5 |  5.8
Stealth        | 1 2 |  2.8
Armour         | 2 3 4 6 7 |  7.6
Fighting       | 3 4 5 6 7 8 |  8.5
Throwing       | 3 4 |  4.7
Evocations     | 1 |  1.4
Conjurations   | 2 |  2.5
Translocations | 3 |  3.4
Spellcasting   | |  2.9

Action                     |  1- 3 |  4- 6 |  7- 9 | 10-12 || total
---------------------------+-------+-------+-------+-------++-------
  Melee: Falchion          |    49 |   200 |   193 |       ||   442
         Kick              |    10 |    47 |    87 |    84 ||   228
         Peck              |     5 |    23 |    56 |    64 ||   148
         Punch             |       |     3 |     3 |     1 ||     7
         Long sword        |       |       |    94 |    24 ||   118
         Great sword       |       |       |       |   214 ||   214
  Throw: Dart              |     5 |     3 |    44 |    62 ||   114
 Invoke: Draw Destruction  |     5 |     3 |     4 |    10 ||    22
         Draw Summoning    |       |     1 |       |       ||     1
         Draw Escape       |       |       |     4 |       ||     4
         Triple Draw       |       |       |     1 |     1 ||     2
  Evoke: Wand              |       |       |     6 |    17 ||    23
    Use: Scroll            |       |     2 |     1 |    10 ||    13
         Potion            |       |       |     2 |     1 ||     3
   Stab: Invisible         |     2 |       |       |       ||     2
         Distracted        |       |       |       |     3 ||     3
         Sleeping          |       |       |       |     1 ||     1
 Armour: Leather armour    |    27 |    92 |     2 |       ||   121
         Chain mail        |       |       |   228 |     9 ||   237
         Acid dragon scale |       |       |       |   145 ||   145
  Dodge: Dodged            |    33 |   145 |   235 |   263 ||   676
